 Dungeon Crawl Stone Soup version bcrawl-1.19.1 (webtiles) character file.

Game seed: 11200372418042156193

16 Mrkan the Magician (level 2, -1/26 HPs)
             Began as a Gnoll Wanderer on Dec 2, 2019.
             Slain by an adder (2 damage)
             ... on level 2 of the Dungeon.
             The game lasted 00:01:52 (593 turns).

Mrkan the Magician (Gnoll Wanderer)                  Turns: 593, Time: 00:01:52

Health: -1/26      AC:  2    Str: 12    XL:     2   Next: 54%
Magic:  7/7        EV: 13    Int: 16    God:
Gold:   66         SH:  0    Dex: 14    Spells: 9/10 levels left

rFire    . . .     SeeInvis .   a - +0 short sword
rCold    . . .     Gourm    .   (no shield)
rNeg     . . .     Faith    .   d - +0 robe
rPois    .         Spirit   .   (no helmet)
rElec    .         Reflect  .   (no cloak)
rCorr    .         Harm     .   (no gloves)
MR       .....                  (no boots)
Stlth    ++........             (no amulet)
HPRegen  0.08/turn              (no ring)
MPRegen  0.10/turn              (no ring)

@: lethally poisoned (-1 -> -11)
A: distributed training, fangs 1, strong nose
a: no special abilities


You were on level 2 of the Dungeon.
You were not hungry.

You visited 1 branch of the dungeon, and saw 2 of its levels.

You collected 66 gold pieces.

Inventory:

Hand Weapons
 a - a +0 short sword (weapon)
Missiles
 h - 48 needles of frenzy
Armour
 d - a +0 robe (worn)
Scrolls
 c - a scroll of fog {unknown}
 i - a scroll of enchant armour {unknown}
Potions
 b - 3 potions of flight
 e - a potion of invisibility {unknown}
Comestibles
 f - 3 rations {!d}
 g - 2 chunks of flesh


   Skills:
 + Level 4.5 Fighting
 + Level 4.5 Short Blades
 + Level 0.4 Long Blades
 + Level 0.4 Axes
 + Level 0.4 Maces & Flails
 + Level 0.4 Polearms
 + Level 0.4 Staves
 + Level 0.4 Slings
 + Level 0.4 Bows
 + Level 0.4 Crossbows
 + Level 2.5 Throwing
 + Level 0.4 Armour
 + Level 2.5 Dodging
 + Level 2.5 Stealth
 + Level 0.4 Shields
 + Level 0.4 Unarmed Combat
 + Level 4.9 Spellcasting
 + Level 2.0 Conjurations
 + Level 0.2 Hexes
 + Level 0.2 Charms
 + Level 0.2 Summonings
 + Level 0.2 Necromancy
 + Level 0.2 Translocations
 + Level 0.2 Transmutations
 + Level 0.2 Fire Magic
 + Level 0.2 Ice Magic
 + Level 0.2 Air Magic
 + Level 0.2 Earth Magic
 + Level 0.2 Poison Magic
 + Level 0.5 Invocations
 + Level 0.4 Evocations


You had 9 spell levels left.
You knew the following spells:

 Your Spells              Type           Power        Failure   Level  Hunger
a - Infusion              Chrm           #.......     14%         1    None

Your spell library contained the following spells:

 Spells                   Type           Power        Failure   Level  Hunger
 Apportation              Tloc           #.....       14%         1    None
 Sandblast                Erth           #.....       14%         1    None
 Slow                     Hex            #.......     14%         1    None
 Summon Butterflies       Summ           #.......     14%         1    None


Dungeon Overview and Level Annotations

Branches:
Dungeon (2/12)

Altars:


Innate Abilities, Weirdness & Mutations

Your experience applies equally to all skills.
You have very sharp teeth.
Your uncanny sense of smell can sniff out nearby items.


Message History

The adder bites you.
* * * LOW HITPOINT WARNING * * *
You are lethally poisoned!
The adder poisons you!
You hit the adder.
The adder is severely wounded.
* * * LOW HITPOINT WARNING * * *
You feel sick. The adder bites you.
* * * LOW HITPOINT WARNING * * *
You are more poisoned.
The adder poisons you!
You hit the adder but do no damage. Your bite misses the adder.
The adder is severely wounded.
* * * LOW HITPOINT WARNING * * *
You feel sick. The adder completely misses you.
You barely miss the adder.
The adder is severely wounded.
* * * LOW HITPOINT WARNING * * *
You feel sick. The adder bites you.
You die...

###..########.###.# ###
...............รท.###..
.........##.##.)...#.######
........###. #...#.#.......
#.##.#..# #.##.#.....[.....
...........#)(........#####
#....#.<###.######.##.#
#..###..# # ##S..#.# #..#
.# #@#.#..# #..# .#
#.##.##[# ... ... ..# ###.
#.## ## ## #.# .>. .#


You could see an adder.

Vanquished Creatures
  3 leopard geckos
  A bat (D:1)
  A giant cockroach (D:1)
  2 goblins
  A hobgoblin (D:2)
  A frilled lizard (D:2)
  2 kobolds
  A rat (D:1)
12 creatures vanquished.

Notes
Turn   | Place    | Note
-------+----------+-------------------------------------------
     0 | D:1      | Mrkan the Gnoll Wanderer began the quest for the Orb.
     0 | D:1      | Mrkan set off with the following items: a +0 short sword, a
                  | potion of flight, a +0 robe, a ration {!d}; and the
                  | following spells available to memorise: Apportation,
                  | Infusion, Sandblast, Slow, Summon Butterflies
     0 | D:1      | Reached XP level 1. HP: 20/20 MP: 6/6
     2 | D:1      | Learned a level 1 spell: Infusion
   338 | D:1      | Reached XP level 2. HP: 26/26 MP: 7/7
   593 | D:2      | HP: 1/26 [poisoned by an adder]
   593 | D:2      | Slain by an adder

Skill      XL: |  1 |
---------------+----+-----
Conjurations   | 2 |  2.0
Fighting       | |  4.5
Short Blades   | |  4.5
Long Blades    | |  0.4
Axes           | |  0.4
Maces & Flails | |  0.4
Polearms       | |  0.4
Staves         | |  0.4
Slings         | |  0.4
Bows           | |  0.4
Crossbows      | |  0.4
Throwing       | |  2.5
Armour         | |  0.4
Dodging        | |  2.5
Stealth        | |  2.5
Shields        | |  0.4
Unarmed Combat | |  0.4
Spellcasting   | |  4.9
Hexes          | |  0.2
Charms         | |  0.2
Summonings     | |  0.2
Necromancy     | |  0.2
Translocations | |  0.2
Transmutations | |  0.2
Fire Magic     | |  0.2
Ice Magic      | |  0.2
Air Magic      | |  0.2
Earth Magic    | |  0.2
Poison Magic   | |  0.2
Invocations    | |  0.5
Evocations     | |  0.4

Action                   || total
-------------------------++-------
Melee: Short sword       ||    45
       Bite              ||     5
 Cast: Infusion          ||     2
 Stab: Sleeping          ||     2
Armor: Robe              ||     8
Dodge: Dodged            ||    23
